 Dungeon Crawl Stone Soup version 0.25-a0-890-g62861fb (webtiles) character file.

Game seed: 7380398178326463703, levelgen mode: deterministic

11 robertstho the Skirmisher (level 2, 0/24 HPs)
             Began as a Demonspawn Abyssal Knight on May 7, 2020.
             Was an Initiate of Lugonu.
             Slain by a gnoll
             ... wielding a +0 halberd
              (1 damage)
             ... on level 2 of the Dungeon.
             The game lasted 00:00:50 (853 turns).

robertstho the Skirmisher (DsAK)                     Turns: 853, Time: 00:00:51

Health: 0/24       AC:  5    Str: 12    XL:     2   Next: 13%
Magic:  12/12      EV: 10    Int: 13    God:    Lugonu [......]
Gold:   80         SH:  0    Dex: 12    Spells: 1/1 levels left

rFire    . . .     SeeInvis .   a - +1 falchion
rCold    . . .     Gourm    .   (no shield)
rNeg     . . .     Faith    .   j - +0 ring mail
rPois    .         Spirit   .   (no helmet)
rElec    .         Reflect  .   (no cloak)
rCorr    .         Harm     .   (no gloves)
MR       .....                  (no boots)
Stlth    +.........             (no amulet)
HPRegen  0.08/turn              f - ring of magical power
MPRegen  0.13/turn              (no ring)

@: no status effects
A: powered by pain 1
a: Renounce Religion


You were on level 2 of the Dungeon.
You worshipped Lugonu.
Lugonu was noncommittal.
You were not hungry.

You visited 1 branch of the dungeon, and saw 2 of its levels.
You visited the Abyss 1 time.

You collected 80 gold pieces.

Inventory:

Hand Weapons
 a - a +1 falchion (weapon)
Missiles
 q - 17 poisoned darts (quivered)
Armour
 j - a +0 ring mail (worn)
Jewellery
 f - a ring of magical power (left hand)
 i - an uncursed amulet of harm {unknown}
 m - a +4 amulet of reflection {unknown}
Scrolls
 b - 2 scrolls of teleportation {unknown}
 e - 2 scrolls of remove curse {unknown}
 g - 3 scrolls of identify {unknown}
 h - 2 scrolls of enchant armour {unknown}
 k - a scroll of random uselessness {unknown}
 l - a scroll of fear {unknown}
 n - a scroll of magic mapping {unknown}
Potions
 o - a potion of curing {unknown}
 p - 2 potions of stabbing {unknown}
 r - a potion of flight {unknown}
Comestibles
 c - 2 rations


   Skills:
 * Level 3.3 Fighting
 * Level 2.0 Long Blades
 * Level 2.0 Armour
 * Level 1.0 Dodging
 * Level 2.5 Invocations


You had one spell level left.
You didn't know any spells.
Your spell library was empty.

Dungeon Overview and Level Annotations

Branches:
Dungeon (2/15)

Altars:


Innate Abilities, Weirdness & Mutations

You sometimes gain a little power by taking damage.


Message History

Lugonu accepts your kill.
Your Long Blades skill increases to level 2!
The gnoll barely misses you. The gnoll hits you with a +0 halberd!
All of the chunks of flesh in your inventory have rotted away.
You see here a jackal corpse.
You hit the gnoll.
The gnoll is moderately wounded.
The gnoll hits you with a +0 halberd.
You hit the gnoll.
The gnoll is heavily wounded.
The gnoll barely misses you.
You closely miss the gnoll.
The gnoll is heavily wounded.
The gnoll hits you with a +0 halberd!
* * * LOW HITPOINT WARNING * * *
You hit the gnoll.
The gnoll is severely wounded.
The gnoll hits you with a +0 halberd.
You die...

#. ### #. #####################.#
#. ......................# #.
###..################.# #. #..#
#####.# ######. #+#P.## #...#.#
#......
..'...###########...#.#####......
..#P............@g........>......
..#..#####..#####...#..#########.
###..######..# #...#..# #. #
###........########..#########. #
#.............g.............. #
#........#########..########. #
#.........# #..# #. # #.........#
#..# ## #.........# #..#


You could see a gnoll.

Vanquished Creatures
  A ball python (D:1)
  A giant cockroach (D:2)
  A goblin (D:1)
  A hobgoblin (D:1)
  2 jackals (D:2)
  2 frilled lizards (D:1)
  2 giant cockroach zombies (D:1)
10 creatures vanquished.

Notes
Turn   | Place    | Note
-------+----------+-------------------------------------------
     0 | Abyss:1  | robertstho the Demonspawn Abyssal Knight began the quest
                  | for the Orb.
     0 | Abyss:1  | Reached XP level 1. HP: 18/18 MP: 2/2
    30 | Abyss:1  | Noticed a worldbinder
    31 | D:1      | Escaped the Abyss
   307 | D:1      | Reached skill level 1 in Dodging
   618 | D:2      | Gained mutation: You sometimes gain a little power by
                  | taking damage. [demonic ancestry]
   618 | D:2      | Reached XP level 2. HP: 24/24 MP: 3/3
   852 | D:2      | HP: 1/24 [gnoll/+0 halberd (9)]
   853 | D:2      | Slain by a gnoll

Levels and vault maps discovered:
D:1:      saegor_arrival_fortress, layout_basic
D:2:      layout_basic, cheibrodos_gnoll_hut

Skill      XL: |  1  2 |
---------------+-------+-----
Dodging        | 1 |  1.0
Armour         | 2 |  2.0
Long Blades    | 2 |  2.0
Fighting       | |  3.3
Invocations    | |  2.5

Action                   || total
-------------------------++-------
Melee: Falchion          ||    26
Invok: Depart the Abyss  ||     1
Armor: Ring mail         ||    10
Dodge: Dodged            ||    25
       Rpst.: Falchion   ||     8

Table legend:
 A = Non-vault XP
 B = Vault XP
 C = Vault XP percentage of total XP
 D = Non-vault monster count
 E = Vault monster count
 F = Vault count percentage of total count
                 A         B        C        D         E       F
            +---------+---------+-------+---------+---------+-------
      Total |      10 |       6 |  37.5 |       6 |       4 |  40.0
            +---------+---------+-------+---------+---------+-------
        D:1 |       8 |       2 |  20.0 |       5 |       2 |  28.6
        D:2 |       2 |       4 |  66.7 |       1 |       2 |  66.7
            +---------+---------+-------+---------+---------+-------
